 Dungeon Crawl Stone Soup version 0.20-a0-201-g851c6fa (webtiles) character file.

1187 patrickswayze the Slicer (level 8, -3/45 HPs)
             Began as a Deep Elf Chaos Knight on Nov 25, 2016.
             Slain by a mummy (12 damage)
             ... in an ossuary.
             The game lasted 00:12:17 (5737 turns).

patrickswayze the Slicer (Deep Elf Chaos Knight)    Turns: 5737, Time: 00:12:18

Health: -3/45      AC: 10    Str: 11    XL:     8   Next: 19%
Magic:  10/10      EV: 12    Int: 20    God:    Xom [..*...]
Gold:   57         SH:  0    Dex: 16    Spells: 7/7 levels left

rFire  . . .     SeeInvis .     a - +0 short sword (chaos)
rCold  + . .     Gourm    .     b - +2 leather armour
rNeg   . . .     Faith    .     (no shield)
rPois  .         Spirit   .     (no helmet)
rElec  .         Reflect  .     h - +0 cloak
rCorr  .         Harm     .     (no gloves)
MR     +....     Rnd*Rage +     (no boots)
Stlth  ++++......               (no amulet)
                                z - ring of protection from magic
                                f - ring of protection from cold

@: no status effects
A: icy blue scales 1, thin metallic scales 1, berserk 1, clever 1, strong 1,
evolution 1
a: Renounce Religion


You were in an ossuary.
You worshipped Xom.
You were a toy of Xom.
You were hungry.

You visited 1 branch of the dungeon, and saw 6 of its levels.
You also visited: Ossuary.

You collected 197 gold pieces.
You spent 140 gold pieces at shops.


Innate Abilities, Weirdness & Mutations

You are partially covered in icy blue scales. (AC +2)
You are partially covered in thin metallic scales. (AC +2)
You tend to lose your temper in combat.
Your mind is acute. (Int +2)
Your muscles are strong. (Str +2)
You evolve.


   Skills:
 - Level 2.4 Fighting
 + Level 8.2 Short Blades
 - Level 0.7 Armour
 - Level 2.4 Dodging
 - Level 8.0 Stealth


You had 7 spell levels left.
You didn't know any spells.

Inventory:

Hand Weapons
 a - a +0 short sword of chaos (weapon)
Missiles
 i - a tomahawk (quivered)
 k - 273 stones
 n - 11 poisoned needles
 y - a throwing net
Armour
 b - a +2 leather armour (worn)
 h - a +0 cloak (worn)
 F - a +0 pair of gloves
Jewellery
 f - a ring of protection from cold (left hand)
 o - a cursed amulet of magic regeneration
 t - an uncursed ring of ice
 v - an uncursed amulet of the gourmand {unknown}
 z - a ring of protection from magic (right hand)
Wands
 A - a wand of digging (21/24)
Scrolls
 m - 2 scrolls of remove curse
 p - a scroll of blinking {unknown}
Potions
 d - a potion of mutation {unknown}
 e - a potion of heal wounds {unknown}
 g - a potion of experience {unknown}
 j - a potion of flight
 l - a potion of brilliance
 q - a potion of cure mutation {unknown}
 w - a potion of beneficial mutation {unknown}
 x - 2 potions of degeneration {unknown}
 C - a potion of curing
Comestibles
 c - 2 bread rations
 u - 4 fruits
 B - 2 meat rations
 D - a slice of pizza


Message History

The helpless mummy fails to defend itself.
You stick the mummy like a pincushion!!!
You destroy the mummy!
You see here 2 tomahawks.
The mummy hits you!!
There is a shimmering altar of Xom, spattered with blood here.
You are too injured to fight recklessly!
You are too injured to fight recklessly!
You are too injured to fight recklessly!
You are too injured to fight recklessly!
You hit the mummy.
The mummy seems to speed up.
The mummy is lightly damaged.
The mummy hits you!
* * * LOW HITPOINT WARNING * * *
You hit the mummy.
Space bends around the mummy.
The mummy is moderately damaged.
You hit the mummy.
Nothing appears to happen.
The mummy is severely damaged.
The mummy hits you!
You die...

....(......
..........
........
(.....
#...(#
#..(.#
#..._#
#.M_.#
#_.@_#
#_.(.#
#..__#
#_...#
#.\\.#
######


You could see a mummy.

Vanquished Creatures
  The ghost of patrickswayze the Covert, an amateur DECK of Xom (D:4)
  Duvessa (D:4)
  A phantom (D:5)
  A big kobold (shapeshifter) (D:4)
  Dowan (D:4)
  3 hounds
  Crazy Yiuf (D:3)
  Terence (D:1)
  3 worker ants
  An orc wizard (D:5)
  2 mummies (Ossuary)
  3 gnolls
  7 adders
  An adder skeleton (D:4)
  2 worms
  5 dart slugs
  4 leopard geckos
  5 orcs
  10 bats
  3 giant cockroaches
  2 gnoll zombies (Ossuary)
  10 goblins
  14 hobgoblins
  3 jackals (D:2)
  6 quokkas
  2 ball pythons
  7 frilled lizards
  2 hobgoblin zombies (Ossuary)
  10 kobolds
  A kobold zombie (Ossuary)
  2 orc zombies (Ossuary)
  8 rats
123 creatures vanquished.

Vanquished Creatures (collateral kills)
  Pikel (D:4)
  A black bear (D:5)
  A goblin (D:4)
3 creatures vanquished.

Vanquished Creatures (others)
  A howler monkey (D:5)
  A centaur skeleton (D:5)
  An orc wizard (D:5)
3 creatures vanquished.

Grand Total: 129 creatures vanquished

Notes
Turn   | Place    | Note
-------+----------+-------------------------------------------
     0 | D:1      | patrickswayze the Deep Elf Chaos Knight began the quest for the Orb.
     0 | D:1      | Reached XP level 1. HP: 13/13 MP: 3/3
     4 | D:1      | XOM: silly message
    44 | D:1      | Reached skill level 1 in Stealth
   153 | D:1      | Reached XP level 2. HP: 18/18 MP: 4/4
   263 | D:1      | XOM: mild Erth miscast
   320 | D:1      | Reached skill level 3 in Stealth
   336 | D:1      | XOM: harmless Erth miscast
   475 | D:1      | XOM: give mutation
   475 | D:1      | Gained mutation: You tend to lose your temper in combat. [Xom's mischief]
   735 | D:1      | Reached XP level 3. HP: 22/22 MP: 5/5
  1238 | D:1      | XOM: stat loss: -1 Dex (14/15)
  1721 | D:2      | Noticed Terence
  1739 | D:2      | XOM: butterfly on damage
  1757 | D:1      | XOM: enchant monster (bad)
  1801 | D:1      | XOM: cast spell 'Summon Butterflies'
  1854 | D:1      | Killed Terence
  1998 | D:2      | Reached XP level 4. HP: 23/27 MP: 6/6
  2326 | D:2      | Reached skill level 6 in Stealth
  2459 | D:2      | Reached XP level 5. HP: 28/31 MP: 7/7
  3055 | D:3      | XOM: smoke on damage
  3188 | D:3      | XOM: mild Divn miscast
  3436 | D:3      | XOM: harmless Erth miscast
  3526 | D:3      | Found a faded altar of an unknown god.
  3709 | D:3      | Found a runed door.
  3713 | D:3      | Noticed Crazy Yiuf
  3717 | D:3      | Killed Crazy Yiuf
  3842 | D:4      | XOM: 1-stop teleportation journey
  3844 | D:4      | Reached XP level 6. HP: 36/36 MP: 8/8
  3864 | D:4      | Found Ezuzafu's Antique Weapon Boutique.
  3869 | D:4      | Found Zayrimp's Distillery.
  3882 | D:4      | Bought a potion of might for 56 gold pieces
  3882 | D:4      | Bought 2 potions of curing for 84 gold pieces
  3887 | D:4      | Noticed Robin
  3890 | D:4      | Noticed a slave
  3891 | D:4      | Noticed a slave
  3949 | D:3      | XOM: silly message
  4139 | D:4      | Found a stormy altar of Qazlal.
  4146 | D:4      | Found Celavas's Magic Scroll Emporium.
  4219 | D:4      | Noticed patrickswayze's ghost (amateur DECK)
  4230 | D:4      | XOM: cleaving
  4237 | D:4      | Killed patrickswayze's ghost
  4256 | D:4      | Noticed a slave
  4257 | D:4      | Noticed Pikel
  4257 | D:4      | Noticed a slave
  4339 | D:4      | Found Kuwn's Distillery.
  4390 | D:4      | Found Lywof's Assorted Antiques.
  4390 | D:4      | Noticed Duvessa
  4390 | D:4      | Noticed Dowan
  4392 | D:4      | XOM: confuse monster(s)
  4396 | D:4      | XOM: confuse monster(s)
  4404 | D:4      | Killed Duvessa
  4404 | D:4      | Reached XP level 7. HP: 40/40 MP: 9/9
  4412 | D:4      | Killed Dowan
  4698 | D:4      | XOM: god gift: battleaxe {god gift}
  4820 | D:4      | XOM: cast spell 'Monstrous Menagerie'
  4822 | D:4      | Killed Pikel
  5111 | D:4      | XOM: give mutations
  5111 | D:4      | Gained mutation: You are partially covered in thin metallic scales. (AC +2) [Xom's grace]
  5111 | D:4      | Gained mutation: You are partially covered in icy blue scales. (AC +2) [Xom's grace]
  5135 | D:4      | XOM: give mutation
  5135 | D:4      | Gained mutation: You evolve. [Xom's grace]
  5140 | D:5      | Entered Level 5 of the Dungeon
  5165 | D:5      | XOM: god gift: thin runed staff {god gift}
  5248 | D:5      | XOM: smoke on damage
  5250 | D:5      | Reached XP level 8. HP: 40/45 MP: 10/10
  5305 | D:5      | XOM: destruction
  5320 | D:5      | XOM: summons 4 friendly demons
  5355 | D:5      | XOM: 3-stop teleportation journey
  5409 | D:6      | Found Waguscheg's Food Emporium.
  5585 | D:6      | XOM: scenery: 1 doors open
  5602 | D:6      | XOM: give mutations
  5602 | D:6      | Gained mutation: Your mind is acute. (Int +2) [Xom's grace]
  5602 | D:6      | Gained mutation: Your muscles are strong. (Str +2) [Xom's grace]
  5619 | D:6      | Found a sand-covered staircase.
  5628 | Ossuary  | Entered an ossuary
  5722 | Ossuary  | XOM: scenery: create altars
  5735 | Ossuary  | HP: 9/45 [mummy (16)]
  5737 | Ossuary  | Slain by a mummy

Vault maps used:
D:1:      minmay_arrival_solitary_statue, minivault_23
D:2:      wad_woods_tower, minmay_misc_feat_five, minivault_5, uniq_terence
D:3:      chequers_ecumenical_altar_lobes, uniq_crazy_yiuf_cottage
D:4:      serial_shops, shop_fountains,
          nicolae_shop_temple_entry_statues_fountains,
          nicolae_shop_temple_entry_statues_fountains, shop, shop,
          grunt_qazlal_sundering, uniq_robin, uniq_pikel, uniq_duvessa
D:5:      first_bread
D:6:      serial_shops, shop, shop, nicolae_shop_behind_doors,
          nicolae_shop_behind_doors, chequers_ossuary_entry_cave
Ossuary:  ossuary_tomb_3

Action                   |  1- 3 |  4- 6 |  7- 9 || total
-------------------------+-------+-------+-------++-------
Melee: Short sword       |   104 |   215 |   113 ||   432
Throw: Tomahawk          |     3 |       |     7 ||    10
Evoke: Wand              |       |       |     1 ||     1
  Use: Scroll            |     3 |     4 |     3 ||    10
       Potion            |       |     1 |     3 ||     4
 Stab: Sleeping          |     3 |    11 |     4 ||    18
       Paralysed         |     1 |     2 |     2 ||     5
       Distracted        |     1 |     2 |       ||     3
       Petrifying        |       |     1 |     3 ||     4
       Confused          |       |     1 |     1 ||     2
  Eat: Meat ration       |     1 |       |       ||     1
       Chunk             |       |     5 |     3 ||     8
       Royal jelly       |       |       |     1 ||     1
Armor: Leather armour    |    20 |    68 |    33 ||   121
Dodge: Dodged            |    64 |   127 |    39 ||   230
